 Dungeon Crawl Stone Soup version 0.29.1-12-g30fa7ad0bf (webtiles) character file.

Game seed: 10415625048527176434

3197 croobank the Conjurer (level 9, -2/66 HPs)
             Began as a Demonspawn Conjurer on Dec 28, 2022.
             Was an Initiate of Gozag.
             Slain by a killer bee (3 damage)
             ... on level 9 of the Dungeon.
             The game lasted 00:26:30 (10770 turns).

croobank the Conjurer (Demonspawn Conjurer)        Turns: 10770, Time: 00:26:30

Health: -2/66      AC:  7    Str:  5 (8)  XL:     9   Next: 64%
Magic:  8/16       EV: 13    Int: 34 (35) God:    Gozag
Gold:   859        SH:  0    Dex: 10 (12) Spells: 5/17 levels left

rFire   + . .      SeeInvis .   y - +1 dagger (venom)
rCold   . . .      Faith    .   e - orb {*channel}
rNeg    . . .      Spirit   .   S - +2 robe {rF+}
rPois   .          Reflect  .   (no helmet)
rElec   .          Harm     .   Q - +1 cloak {Stlth+}
rCorr   .          Rampage  .   L - +0 pair of gloves
Will    .....                   (no boots)
Stlth   ++++......              (no amulet)
HPRegen 0.21/turn               N - +6 ring of intelligence
MPRegen 0.30/turn               f - +6 ring of intelligence

@: lethally poisoned (-2 -> -21), gold aura
A: hooves 2, magic regeneration, demonic magic 2
a: Renounce Religion, Potion Petition, Call Merchant, Bribe Branch


You were on level 9 of the Dungeon.
You worshipped Gozag.
Gozag was pleased with you.
You visited 2 branches of the dungeon, and saw 10 of its levels.
You also visited: Sewer.

You collected 967 gold pieces.
You paid 108 gold pieces to Gozag.

Inventory:

Hand Weapons
 o - a +0 long sword
 y - a +1 dagger of venom (weapon)
 D - a +2 falchion of distortion
 K - the +7 falchion of Seomn {speed, Str+4}
   (You found it on level 5 of the Dungeon)

   Attacks with this weapon are significantly faster.
   Str:       It affects your strength (+4).
 M - a +0 war axe
 R - a +3 quarterstaff of chaos
 V - a +0 lajatang
Missiles
 n - 15 poisoned darts
 u - 9 javelins
 G - a throwing net
Armour
 a - a +0 robe
 e - an orb of energy (worn)
 L - a +0 pair of gloves (worn)
 O - a +0 buckler
 Q - a +1 cloak of stealth (worn)
 S - a +2 robe of fire resistance (worn)
Jewellery
 f - a +6 ring of intelligence (right hand)
 g - a ring of wizardry
 k - a ring of magical power
 t - a ring of resist corrosion
 C - a ring of wizardry
 H - a ring of magical power
 N - a +6 ring of intelligence (left hand)
 W - a ring of magical power
Scrolls
 i - 2 scrolls of silence {unknown}
 l - a scroll of immolation
 m - 3 scrolls of blinking
 p - 4 scrolls of poison
 q - 9 scrolls of identify
 v - a scroll of noise {unknown}
 A - 4 scrolls of teleportation
 B - 2 scrolls of butterflies {unknown}
 F - a scroll of torment {unknown}
 J - a scroll of fear
 T - a scroll of enchant weapon
Potions
 b - a potion of magic
 c - a potion of ambrosia {unknown}
 h - a potion of attraction {unknown}
 j - 5 potions of degeneration
 r - 4 potions of haste {unknown}
 s - 4 potions of curing {unknown}
 w - a potion of resistance {unknown}
 x - 2 potions of mutation {unknown}
 z - 2 potions of heal wounds {unknown}
 E - 2 potions of lignification {unknown}
 I - 3 potions of invisibility {unknown}
 P - a potion of flight {unknown}
 U - 2 potions of brilliance {unknown}


   Skills:
 + Level 4.5 Fighting
 * Level 4.3 Long Blades
 + Level 4.7 Dodging
 + Level 5.0 Stealth
 + Level 4.7 Spellcasting
 + Level 6.3 Conjurations
 + Level 0.7 Hexes
 + Level 0.5 Translocations
 + Level 6.3 Evocations


You had 5 spell levels left.
You knew the following spells:

 Your Spells              Type           Power      Damage    Failure   Level
a - Magic Dart            Conj           100%       1d8       1%          1
b - Searing Ray           Conj           100%       2d8       1%          2
c - Dazzling Flash        Conj/Hex       64%        N/A       3%          3
d - Blink                 Tloc           24%        N/A       5%          2
e - Iskenderun's Mystic   Conj/Tloc      31%        2d8       11%         4

Your spell library contained the following spells:

 Spells                   Type           Power      Damage    Failure   Level
 Tukima's Dance           Hex            13%        N/A       10%         3
 Lesser Beckoning         Tloc           12%        N/A       11%         3
 Fulminant Prism          Conj/Hex       16%        3d11      11%         4
 Passage of Golubria      Tloc           12%        N/A       34%         4
 Olgreb's Toxic Radiance  Pois           8%         N/A       41%         4
 Summon Lightning Spire   Summ/Air       8%         N/A       41%         4
 Manifold Assault         Tloc           12%        N/A       69%         5
 Yara's Violent Unravell  Hex/Tmut       5%         3d4       73%         5
 Ozocubu's Refrigeration  Ice            4%         4d8       100%        7
 Storm Form               Tmut/Air       4%         N/A       100%        7
 Ignition                 Fire           4%         3d4       100%        8
 Maxwell's Capacitive Co  Air            4%         ∞         100%        8


Dungeon Overview and Level Annotations

Branches:
Dungeon (9/15)             Temple (1/1) D:5           Sewer (visited)
   Lair: D:8-11         Orc: D:9-12

Altars:
Cheibriados
Dithmenos
Gozag
Hepliaklqana
Kikubaaqudgha
Nemelex Xobeh
Okawaru
Qazlal
Sif Muna
Trog
Vehumet
Xom
Yredelemnul


Innate Abilities, Weirdness & Mutations

You have hoof-like feet.
You regenerate magic rapidly.
Spells you cast may paralyse nearby enemies.


Message History

You kill the killer bee!
The mystic blast hits the killer bee!
The killer bee is severely wounded.
The killer bee is knocked back by the mystic blast.
The mystic blast hits the killer bee.
The killer bee is moderately wounded.
The killer bee is knocked back by the mystic blast.
The killer bee slams into the rock wall!
The killer bee is severely wounded.
The mystic blast hits the killer bee.
The killer bee is moderately wounded.
The killer bee is knocked back by the mystic blast.
The killer bee slams into the rock wall!
The killer bee is heavily wounded.
Malevolent energies surge around you.
The killer bee suddenly stops moving!
You feel very sick. The killer bee stings you.
The helpless killer bee fails to defend itself.
You impale the killer bee!!
You kill the killer bee!
You feel very sick. The killer bee stings you.
* * * LOW HITPOINT WARNING * * *
You are lethally poisoned!
The killer bee poisons you! The killer bee stings you.
* * * LOW HITPOINT WARNING * * *
You are more poisoned.
The killer bee poisons you!
It was a potion of degeneration.
There was something very wrong with that liquid.
You feel weakened.
You feel dopey.
You feel clumsy.
* * * LOW HITPOINT WARNING * * *
You feel very sick. The killer bee stings you.
* * * LOW HITPOINT WARNING * * *
The killer bee stings you.
* * * LOW HITPOINT WARNING * * *
The killer bee stings you.
You die...
Your body crumbles into a pile of gold.

#### #.. #.. #.♣
#.♣ ###.♣ ...
##..$♣ ....
#....♣♣♣ ♣....
#...##$@y♣♣.....
#.## ##yy.......
#. ##..##......
# #...........
#....#......
#...<# ###..
#....# ###).#
...#


You could see 3 killer bees.

Vanquished Creatures
  A troll (D:9)
  3 water moccasins
  An orc warrior (D:6)
  An ogre (D:4)
  2 black bears
  A centaur (D:8)
  4 bullfrogs
  2 necrophages
  3 scorpions
  2 gnoll sergeants
  5 wights (D:6)
  8 killer bees
  2 howler monkeys (D:7)
  A jelly (D:5)
  Crazy Yiuf (D:6)
  3 hounds
  3 orc priests
  5 orc wizards
  4 iguanas
  15 gnolls
  13 adders
  2 river rats
  2 shadow imps
  3 white imps
  A worm (D:3)
  3 dart slugs
  22 orcs
  3 endoplasms
  3 giant cockroaches
  6 goblins
  5 hobgoblins
  2 quokkas
  11 ball pythons
  7 bats
  6 frilled lizards
  4 kobolds
  10 rats
170 creatures vanquished.

Vanquished Creatures (collateral kills)
  A giant cockroach (D:3)
1 creature vanquished.

Grand Total: 171 creatures vanquished

Notes
Turn   | Place    | Note
-------+----------+-------------------------------------------
     0 | D:1      | croobank the Demonspawn Conjurer began the quest for the
                  | Orb.
     0 | D:1      | Reached XP level 1. HP: 13/13 MP: 3/3
   408 | D:1      | Gained mutation: You have large cloven feet. [demonic
                  | ancestry]
   408 | D:1      | Reached XP level 2. HP: 18/19 MP: 1/5
   413 | D:1      | Learned a level 2 spell: Searing Ray
   530 | D:1      | Found a faded altar of an unknown god.
   726 | D:1      | Reached skill level 1 in Evocations
  1196 | D:1      | Reached XP level 3. HP: 22/25 MP: 6/6
  1238 | D:1      | Learned a level 3 spell: Dazzling Flash
  2022 | D:2      | Reached skill level 1 in Fighting
  2023 | D:2      | Gained mutation: You have hoof-like feet. [demonic
                  | ancestry]
  2023 | D:2      | Reached XP level 4. HP: 32/32 MP: 7/7
  2390 | D:3      | Noticed a necrophage
  2397 | D:3      | Killed a necrophage
  2398 | D:3      | Gained mutation: Spells you cast may paralyse adjacent
                  | enemies. [demonic ancestry]
  2398 | D:3      | Reached XP level 5. HP: 25/37 MP: 8/8
  2659 | D:3      | Found a glowing drain.
  2693 | Sewer    | Entered a sewer
  3642 | D:4      | Found a radiant altar of Vehumet.
  3992 | D:4      | Gained mutation: Spells you cast may paralyse nearby
                  | enemies. [demonic ancestry]
  3992 | D:4      | Reached XP level 6. HP: 26/44 MP: 10/10
  4338 | D:4      | Found a shimmering blue altar of Sif Muna.
  5059 | D:5      | Entered Level 5 of the Dungeon
  5428 | D:5      | Gained mutation: You regenerate magic rapidly. [demonic
                  | ancestry]
  5428 | D:5      | Reached XP level 7. HP: 51/51 MP: 4/11
  5706 | D:4      | Reached skill level 5 in Conjurations
  6052 | D:5      | Found a staircase to the Ecumenical Temple.
  6132 | Temple   | Entered the Ecumenical Temple
  6202 | Temple   | Became a worshipper of Gozag Ym Sagoz the Greedy
  6321 | D:5      | Identified the +7 falchion of Seomn {speed, Str+4}
  7096 | D:7      | Learned a level 2 spell: Blink
  7423 | D:7      | Learned a level 4 spell: Iskenderun's Mystic Blast
  7437 | D:6      | Reached skill level 1 in Long Blades
  7437 | D:6      | Reached XP level 8. HP: 14/58 MP: 5/13
  7942 | D:6      | Reached skill level 5 in Evocations
  8369 | D:6      | Found a runed translucent door.
  8370 | D:6      | Noticed Crazy Yiuf
  8380 | D:6      | Killed Crazy Yiuf
  8976 | D:7      | Reached XP level 9. HP: 62/65 MP: 10/15
  9083 | D:7      | Found a shadowy altar of Dithmenos.
  9572 | D:8      | Found a shimmering altar of Xom.
  9918 | D:8      | Found an iron altar of Okawaru.
 10749 | D:9      | Noticed a troll
 10756 | D:9      | Killed a troll
 10757 | D:9      | Reached skill level 5 in Stealth
 10770 | D:9      | HP: 3/66 [killer bee (3)]
 10770 | D:9      | HP: 1/66 [killer bee (2)]
 10770 | D:9      | Slain by a killer bee

Illustrated notes

Levels and vault maps discovered:
D:1:      dpeg_arrival_arbitrary_a, layout_loops_ring,
          hellmonk_ecumenical_altar_blasted
D:2:      layout_basic, item_on_display_a
D:3:      layout_loops_ring, portal_sewer_entry_b, minmay_misc_feat_diagonals
D:4:      layout_gridville, mainiacjoe_overflow_paths, lemuel_tele_altar,
          minivault_23, due_unseen_surprise
D:5:      layout_rooms, elyvilon_altar_1, minmay_temple_entry_mini_moons,
          dreamdust_princess_corridor
D:6:      layout_basic, zin_treasury, amcnicky_mini_pool_small, grunt_decor_cap,
          grunt_decor_mini_mirrors, uniq_crazy_yiuf_cottage
D:7:      layout_basic, lemuel_round_altar
D:8:      layout_loops_cross, mainiacjoe_overflow_concentric_impassable,
          nicolae_overflow_hidden_temple
D:9:      layout_basic, nrook_campfire, uniq_psyche
Temple:   dpeg_chambers_temple

Skill      XL: |  1  2  3  4  5  6  7  8  9 |
---------------+----------------------------+-----
Stealth        | 2 3 4 5 |  5.0
Evocations     | 1 2 3 4 5 6 |  6.3
Dodging        | 2 3 4 |  4.7
Fighting       | 1 2 3 4 |  4.5
Spellcasting   | 3 4 |  4.7
Conjurations   | 5 6 |  6.3
Long Blades    | 1 3 4 |  4.3
Hexes          | |  0.7
Translocations | |  0.5

Action                   |  1- 3 |  4- 6 |  7- 9 || total
-------------------------+-------+-------+-------++-------
Melee: Unarmed           |    11 |       |       ||    11
       Dagger            |     2 |    61 |    26 ||    89
       Kick              |       |    13 |    39 ||    52
       Falchion          |       |       |   132 ||   132
 Cast: Magic Dart        |    37 |    22 |    39 ||    98
       Searing Ray       |    14 |    30 |    36 ||    80
       Dazzling Flash    |       |     6 |    19 ||    25
       Iskenderun's Myst |       |       |     4 ||     4
  Use: Scroll            |       |     9 |       ||     9
       Potion            |       |       |     2 ||     2
 Stab: Sleeping          |       |     5 |    11 ||    16
       Paralysed         |       |     5 |    24 ||    29
       Invisible         |       |     3 |     4 ||     7
       Distracted        |       |       |     1 ||     1
Armor: Robe              |     9 |    17 |    46 ||    72
Dodge: Dodged            |    29 |    78 |   112 ||   219
